 Dungeon Crawl Stone Soup version 0.27-a0-906-g0a00ce863d (webtiles) character file.

Game seed: 8438136071628572999

19988 lunkers the Thaumaturge (level 12, -9/94 HPs)
             Began as a Djinni Fire Elementalist on Apr 7, 2021.
             Was a Follower of Makhleb.
             Mangled by Rupert
             ... wielding a +6 battleaxe of flaming
              (53 damage)
             ... while paralysed by Rupert
             ... on level 3 of the Lair of Beasts.
             The game lasted 00:37:20 (15605 turns).

lunkers the Thaumaturge (Djinni Fire Elementalist) Turns: 15605, Time: 00:37:21

Health: -9/94      AC: 10    Str:  7    XL:     12   Next: 74%
Gold:   2200       EV:  2    Int: 21    God:    Makhleb [*.....] SH:  0 Dex: 15

rFire    + + +     SeeInvis .   a - staff of fire
rCold    . . .     Faith    .   K - +1 kite shield {rPois}
rNeg     . . .     Spirit   .   x - +0 steam dragon scales
rPois    ∞         Reflect  .   m - +0 helmet
rElec    .         Harm     .   j - +2 cloak
rCorr    .         Rampage  .   H - +0 pair of gloves
Will     +....                  (boots unavailable)
Stlth    ++........             w - amulet of regeneration
HPRegen  1.25/turn              k - +4 ring of slaying
MPRegen  0.00/turn              A - ring of protection from cold

@: paralysed, flying
A: fire resistance 2, cold vulnerability 1, float, innate caster, hp casting,
extra vitality 1
a: Renounce Religion


You were on level 3 of the Lair of Beasts.
You worshipped Makhleb.
Makhleb was aware of your devotion.
You visited 3 branches of the dungeon, and saw 14 of its levels.
You also visited: Bailey.

You collected 2200 gold pieces.

Inventory:

Missiles
 l - 2 atropa-tipped darts
Armour
 j - a +2 cloak (worn)
 m - a +0 helmet (worn)
 o - a +0 buckler
 x - +0 steam dragon scales (worn)
 H - a +0 pair of gloves (worn)
 K - a +1 kite shield of poison resistance (worn)
Magical Staves
 a - a staff of fire (weapon)
Jewellery
 c - a ring of fire
 k - a +4 ring of slaying (left hand)
 w - an amulet of regeneration (around neck)
 A - a ring of protection from cold (right hand)
 I - a ring of wizardry
Wands
 d - a wand of mindburst (25)
 C - a wand of digging (4)
 D - a wand of acid (6)
 G - a wand of paralysis (9)
Scrolls
 b - 3 scrolls of teleportation
 i - a scroll of magic mapping
 q - a scroll of fog
Potions
 e - a potion of ambrosia
 f - 3 potions of might
 g - a potion of mutation
 h - 3 potions of resistance
 n - 6 potions of haste
 s - 2 potions of brilliance
 u - a potion of berserk rage {unknown}
 v - a potion of cancellation {unknown}
 z - a potion of magic {unknown}
 E - 2 potions of lignification
 F - a potion of curing
 J - a potion of heal wounds {unknown}


   Skills:
 + Level 11.4 Fighting
 - Level 2.1 Dodging
 - Level 1.5 Stealth
 + Level 5.5 Shields
 * Level 13.6 Spellcasting


You had 8 spell levels left.
You knew the following spells:

 Your Spells              Type           Power      Damage    Failure   Level
a - Fireball              Conj/Fire      41%        3d17      1%          5
b - Conjure Flame         Conj/Fire      82%        6-21      1%          3
c - Inner Flame           Hex/Fire       82%        N/A       1%          3
d - Sticky Flame          Conj/Fire      82%        2d9       1%          4
f - Shock                 Conj/Air       100%       1d9       1%          1
g - Call Imp              Summ           64%        N/A       1%          2
h - Mephitic Cloud        Conj/Pois/Air  64%        N/A       1%          3
i - Fulminant Prism       Conj/Hex       32%        3d16      1%          4
j - Animate Dead          Necr           32%        N/A       1%          4
z - Foxfire               Conj/Fire      100%       2x1d9     1%          1
Your spell library was empty.

Dungeon Overview and Level Annotations

Branches:
Dungeon (10/15)            Temple (1/1) D:7            Lair (3/6) D:9
 Shoals (0/4) Lair:3          Orc (0/2) D:9          Bailey (visited)
  Snake: Lair:2-4    Spider: Lair:2-4

Altars:
Ashenzari
Cheibriados
Dithmenos
Elyvilon
Fedhas
Gozag
Hepliaklqana
Kikubaaqudgha
Makhleb
Nemelex Xobeh
Okawaru
Qazlal
Ru
Sif Muna
Trog
Uskayaw
Vehumet
Wu Jian
Xom
Yredelemnul
Zin
The Shining One

Shops:
D:7 (   D:10 !

Annotations:
Lair:3 Rupert


Innate Abilities, Weirdness & Mutations

You are immune to poison.
Your flesh is very heat resistant. (rF++)
You are vulnerable to cold. (rC-)
You float through the air rather than walking.
You learn spells naturally, not from books.
Your magical power is your life essence.
You have superior vitality. (+4 HP)


Message History

Rupert the Wild comes into view.
He is wielding a +6 battleaxe of flaming.
Casting: Fireball (dangerous; 1% risk of failure)
Confirm with . or Enter, or press ? or * to list all spells.
You feel a surge of power!
The fireball explodes!
The fireball engulfs Rupert!!
Rupert is moderately wounded.
Rupert shouts!
No target in view!
Casting: Fireball (dangerous; 1% risk of failure)
Confirm with . or Enter, or press ? or * to list all spells.
You feel a surge of power!
The fireball explodes!
The fireball engulfs Rupert!!
Rupert is heavily wounded.
Lua error: ...ter/crawl-git-0a00ce863d/data/dat/clua/automagic.lua:202: Cannot currently process new keys (there is pending input)
Casting: Fireball (dangerous; 1% risk of failure)
Confirm with . or Enter, or press ? or * to list all spells.
You feel a surge of power!
The fireball explodes!
The fireball engulfs Rupert!!
Rupert is severely wounded.
Rupert roars wildly at you.
You struggle to resist.
Lua error: ...ter/crawl-git-0a00ce863d/data/dat/clua/automagic.lua:202: Cannot currently process new keys (there is pending input)
Casting: Fireball (dangerous; 1% risk of failure)
Confirm with . or Enter, or press ? or * to list all spells.
You feel a surge of power!
The fireball explodes!
The fireball engulfs Rupert!!
Rupert is almost dead.
Rupert roars wildly at you.
You are confused.
Unknown command.
You feel better. Rupert yells loudly at you.
You suddenly lose the ability to move!
Rupert roars madly and goes into a rage!
Rupert goes berserk!
Rupert hits you with a +6 battleaxe of flaming!!
Rupert burns you.
Rupert hits you with a +6 battleaxe of flaming!!
* * * LOW HITPOINT WARNING * * *
Rupert burns you.
* * * LOW HITPOINT WARNING * * *
Rupert hits you with a +6 battleaxe of flaming!!!
Ouch! That really hurt!
You die...

###.##.....#
#...........##
#...##.#..#.P### #[
####....#.###
#........P
##...##..# ####...#
## ####.#P.<.##..
#...#..@@..........
#....###...##...
#...#..## .....# .#
##. #.## #..### #
#. ...# .. #.## ##.
#.. #. .. .. P ..
.. ##.##


You could see Rupert (berserk).

Vanquished Creatures
  3 hydras
  2 boulder beetles
  A two-headed ogre (D:8)
  A black mamba (Lair:2)
  A merfolk siren (Lair:3)
  2 cane toads
  3 komodo dragons
  A polar bear (Lair:3)
  4 blink frogs (Lair:2)
  7 wyverns
  30 yaks
  A basilisk (Lair:2)
  2 steam dragons (D:6)
  8 water moccasins
  3 black bears
  14 orc warriors
  4 ogres
  2 phantoms
  13 wolves
  13 centaurs
  8 bullfrogs
  A scorpion (D:9)
  A gnoll sergeant (D:9)
  A wyvern skeleton (D:7)
  5 wights (D:6)
  2 howler monkeys
  6 centaur zombies
  2 jellies (D:5)
  Crazy Yiuf (D:2)
  An orc priest (D:9)
  5 hounds
  A bullfrog skeleton (D:6)
  Natasha (D:4)
  8 orc wizards
  A hound skeleton (D:5)
  7 gnolls
  7 adders
  2 worms
  A dart slug (D:2)
  63 orcs
  8 endoplasms
  2 giant cockroaches
  7 goblins
  2 hobgoblins
  3 jackals (D:5)
  8 kobolds
  4 quokkas
  8 ball pythons
  13 bats
  3 frilled lizards
  9 rats
306 creatures vanquished.

Vanquished Creatures (collateral kills)
  A foxfire (D:8)
1 creature vanquished.

Vanquished Creatures (others)
  1397 foxfires
  11 fungi
  20 plants
1428 creatures vanquished.

Grand Total: 1735 creatures vanquished

Notes
Turn   | Place    | Note
-------+----------+-------------------------------------------
     0 | D:1      | lunkers the Djinni Fire Elementalist began the quest for
                  | the Orb.
     0 | D:1      | Reached XP level 1. HP: 15/15 MP: 0/0
   413 | D:1      | Reached skill level 3 in Spellcasting
   413 | D:1      | Reached XP level 2. HP: 19/22 MP: 0/0
   947 | D:1      | Reached skill level 1 in Fighting
  1579 | D:1      | Reached XP level 3. HP: 23/27 MP: 0/0
  1579 | D:1      | Learned a level 1 spell: Shock
  2441 | D:2      | Reached XP level 4. HP: 19/33 MP: 0/0
  3253 | D:2      | Found a runed translucent door.
  3254 | D:2      | Noticed Crazy Yiuf
  3315 | D:2      | Killed Crazy Yiuf
  3316 | D:2      | Reached skill level 4 in Spellcasting
  3550 | D:3      | Reached XP level 5. HP: 37/39 MP: 0/0
  3550 | D:3      | Learned a level 2 spell: Call Imp
  4313 | D:3      | Reached XP level 6. HP: 12/46 MP: 0/0
  5134 | D:4      | Noticed Natasha
  5139 | D:4      | Killed Natasha
  5630 | D:4      | Reached skill level 5 in Spellcasting
  5881 | D:5      | Entered Level 5 of the Dungeon
  6109 | D:5      | Reached XP level 7. HP: 45/51 MP: 0/0
  6109 | D:5      | Learned a level 3 spell: Mephitic Cloud
  6240 | D:5      | Reached skill level 1 in Shields
  6243 | D:5      | Reached skill level 6 in Spellcasting
  6656 | D:5      | Found a blossoming altar of Fedhas.
  6996 | D:5      | Found a glowing golden altar of the Shining One.
  7273 | D:6      | Reached XP level 8. HP: 55/58 MP: 0/0
  7511 | D:6      | Reached skill level 5 in Fighting
  7562 | D:6      | Reached skill level 7 in Spellcasting
  8006 | D:6      | Reached XP level 9. HP: 61/66 MP: 0/0
  8006 | D:6      | Learned a level 4 spell: Fulminant Prism
  8322 | D:7      | Found Jucudgh's Weapon Emporium.
  8455 | D:7      | Reached skill level 8 in Spellcasting
  8484 | D:7      | Found a glowing silver altar of Zin.
  8485 | D:7      | Found a white marble altar of Elyvilon.
  8617 | D:7      | Found a staircase to the Ecumenical Temple.
  8646 | Temple   | Entered the Ecumenical Temple
  9340 | D:8      | Noticed a two-headed ogre
  9354 | D:8      | Killed a two-headed ogre
  9355 | D:8      | Reached skill level 9 in Spellcasting
  9868 | D:9      | Reached XP level 10. HP: 74/75 MP: 0/0
  9970 | D:9      | Found a broken altar of Ashenzari.
 10059 | D:9      | Reached skill level 10 in Spellcasting
 10454 | D:9      | Noticed a boulder beetle
 10455 | D:9      | Found a stormy altar of Qazlal.
 10471 | D:9      | Found a flagged portal.
 10476 | Bailey   | Entered a bailey
 10958 | Bailey   | Reached skill level 11 in Spellcasting
 10970 | Bailey   | Identified the +7 dagger of Honour {antimagic, rF++ Stlth+}
 10991 | Bailey   | Identified 2 scrolls of acquirement
 11125 | D:9      | Acquired 813 gold pieces
 11127 | D:9      | Acquired 549 gold pieces
 11150 | D:9      | Killed a boulder beetle
 11151 | D:9      | Reached XP level 11. HP: 37/84 MP: 0/0
 11151 | D:9      | Learned a level 4 spell: Animate Dead
 11204 | D:9      | Found a staircase to the Orcish Mines.
 11350 | D:9      | Found a staircase to the Lair.
 11957 | D:10     | Entered Level 10 of the Dungeon
 12164 | D:10     | Found Xotapn's Distillery.
 12462 | D:10     | Found a hide-covered altar of Uskayaw.
 12630 | D:10     | Found a burning altar of Makhleb.
 12726 | D:10     | Reached skill level 10 in Fighting
 12726 | D:10     | Reached skill level 12 in Spellcasting
 12754 | D:10     | Became a worshipper of Makhleb the Destroyer
 13090 | Lair:1   | Entered Level 1 of the Lair of Beasts
 13240 | Lair:1   | Noticed a six-headed hydra
 13245 | Lair:1   | Killed a six-headed hydra
 13991 | Lair:2   | Reached XP level 12. HP: 56/93 MP: 0/0
 14076 | Lair:2   | Noticed a five-headed hydra
 14080 | Lair:2   | Killed a five-headed hydra
 14138 | Lair:2   | Reached skill level 13 in Spellcasting
 14144 | Lair:2   | Acquired a +1 kite shield of poison resistance
 14372 | Lair:2   | Reached * piety under Makhleb
 14929 | Lair:3   | Noticed a four-headed hydra
 14932 | Lair:3   | Killed a four-headed hydra
 15109 | Lair:3   | Found a snail-covered altar of Cheibriados.
 15220 | Lair:3   | Noticed a boulder beetle
 15233 | Lair:3   | Reached skill level 5 in Shields
 15343 | Lair:3   | Killed a boulder beetle
 15471 | Lair:3   | Found a staircase to the Shoals.
 15593 | Lair:3   | Noticed Rupert
 15601 | Lair:3   | Paralysed by Rupert for 6 turns
 15605 | Lair:3   | Mangled by Rupert

Illustrated notes

Levels and vault maps discovered:
D:1:      scummos_arrival_forest, layout_basic
D:2:      layout_basic, uniq_crazy_yiuf_cottage
D:3:      layout_loops_corners
D:4:      layout_gridville, minmay_close_crescents, uniq_natasha
D:5:      layout_rooms, tso_altar, fedhas_altar_2, minmay_misc_feat_enclosed
D:6:      layout_basic, minmay_strange_pillars
D:7:      layout_gridville, chequers_temple_overflow_statue_of_worship,
          temple_pool_b, serial_shops, nicolae_shop_competitors_out_of_business
D:8:      layout_basic, serial_park_tiny_2
D:9:      layout_irregular_city, kennysheep_little_box,
          nicolae_ashenzari_skybound, minmay_lair_entry_grove,
          hiddenorc1_lemuel, enter_bailey_3, kennysheep_big_empty_room
D:10:     layout_long_grid, nicolae_overflow_hidden_temple, bloody_makhleb,
          serial_shops, kennysheep_mini
Temple:   dpeg_chambers_temple
Lair:1:   layout_regular_city
Lair:2:   layout_small_grid, grunt_megastairs_4
Lair:3:   layout_loops_ring, minmay_shoals_entry_lonely_mermaid, basic_altar,
          uniq_rupert

Skill      XL: |  1  2  3  4  5  6  7  8  9 10 11 12 |
---------------+-------------------------------------+-----
Spellcasting   | 3 4 5 6 7 9 11 12 13 | 13.6
Fighting       | 1 2 3 4 5 7 9 10 11 | 11.4
Shields        | 2 3 4 5 |  5.5
Dodging        | |  2.1
Stealth        | |  1.5

Action                   |  1- 3 |  4- 6 |  7- 9 | 10-12 || total
-------------------------+-------+-------+-------+-------++-------
Melee: Unarmed           |     2 |       |       |       ||     2
       Staff             |       |     9 |    42 |    60 ||   111
 Cast: Foxfire           |   132 |   112 |   159 |   381 ||   784
       Sticky Flame      |       |       |    22 |    32 ||    54
       Conjure Flame     |       |       |     3 |     1 ||     4
       Inner Flame       |       |       |     2 |     1 ||     3
       Fireball          |       |       |       |    96 ||    96
  Use: Scroll            |       |       |     6 |    16 ||    22
       Potion            |       |       |       |     1 ||     1
Armor: Robe              |     5 |    15 |    24 |       ||    44
       Steam dragon scal |       |       |    32 |    57 ||    89
Dodge: Dodged            |    13 |    44 |    95 |    85 ||   237
Block: Buckler           |       |       |    31 |    38 ||    69
       Kite shield       |       |       |       |    15 ||    15

Table legend: (Time is in decaauts)
 A = Elapsed time spent in this place.
 B = Non-inter-level travel time spent in this place.
 C = Inter-level travel time spent in this place.
 D = Time resting spent in this place.
 E = Time spent auto-exploring this place.
 F = Levels seen in this place.
 G = Mean time per level.
                   A        B        C        D        E       F      G
               +--------+--------+--------+--------+--------+-----+--------+
         Total |  15637 |  14722 |    915 |    392 |  11805 |  15 | 1042.5 |
       Dungeon |  12198 |  11386 |    812 |    269 |   9307 |  10 | 1219.8 |
        Temple |    269 |    249 |     20 |      0 |    249 |   1 |  269.0 |
          Lair |   2521 |   2439 |     82 |     86 |   2038 |   3 |  840.3 |
        Bailey |    647 |    647 |      0 |     37 |    211 |   1 |  647.0 |
               +--------+--------+--------+--------+--------+-----+--------+

Top non-repeatable levels by time:
     D:1: 1814 daAuts
     D:2: 1649 daAuts
     D:3: 1648 daAuts
     D:4: 1225 daAuts
     D:6: 1214 daAuts
     D:9: 1157 daAuts
    D:10: 1079 daAuts
  Lair:2: 1044 daAuts
  Lair:1: 895 daAuts
     D:5: 890 daAuts
     D:7: 828 daAuts
     D:8: 689 daAuts
  Bailey: 647 daAuts
  Lair:3: 581 daAuts
  Temple: 269 daAuts
